AoeStats
← 涂山红红

Nomad

510273127Analyzed
4v4 RM · 7h ago on Sep 30, 2026· 68m 11s· 8 players
Game mode
Random Map
Map size
231×231
Population
200
Speed
Normal
Resources
Standard
Victory
Conquest
Starting age
Dark Age
Ending age
Imperial Age
RankedLock teamsTeams togetherTeam positionsShared explorationLock speedFull tech treeHidden civsTurbo modeCheats
Victory
Defeat
🇹🇼 Slavs · Taiwan
1018
+16
🇨🇳 Spanish · China
996
+17
🇨🇳 Huns · China
932
+19
🇨🇳 Tatars · China
919
+19
🇪🇸 Italians · Spain
1040
-19
🇳🇱 Khmer · Netherlands
1027
-19
🇵🇱 Poles · Poland
989
-17
🇲🇽 Malay · Mexico
964
-16
Columbus
10:46 Loom
13:06 Feudal Age
18:15 Castle Age
17:21 Fletching
18:52 Crossbowman
22:24 Wheelbarrow
21:58 Pikeman
22:50 Forging
27:18 Double-Bit Axe
27:16 Horse Collar
28:51 Iron Casting
28:47 Ballistics
29:15 Padded Archer Armor
30:48 Bodkin Arrow
36:30 Town Watch
36:57 Bow Saw
36:39 Gold Mining
39:51 Imperial Age
38:46 Thalassocracy
39:23 Gold Shaft Mining
39:01 Masonry
38:55 Squires
38:41 Arson
41:09 Blast Furnace
41:15 Chemistry
40:30 Fishing Lines
40:34 Elite Karambit Warrior
41:29 Halberdier
43:16 Treadmill Crane
43:38 Bracer
43:10 Man-at-Arms
43:56 Forced Levy
43:22 Capped Ram
44:03 Stone Mining
44:34 Long Swordsman
46:19 Gillnets
45:56 Two-Handed Swordsman
47:09 Heavy Plow
51:53 Leather Archer Armor
51:50 Caravan
52:25 Crop Rotation
53:19 Heavy Scorpion
57:15 Conscription
57:29 Hand Cart
58:22 Town Patrol
62:49 Murder Holes
63:27 Ring Archer Armor
giancarlo7
11:52 Loom
13:40 Feudal Age
15:04 Wheelbarrow
14:23 Double-Bit Axe
14:54 Horse Collar
22:33 Castle Age
20:53 Stone Mining
21:11 Gold Mining
22:02 Scale Mail Armor
22:52 Forging
23:20 Scale Barding Armor
24:50 Hand Cart
28:42 Bow Saw
29:23 Szlachta Privileges
30:07 Husbandry
32:23 Chain Mail Armor
33:36 Iron Casting
36:52 Imperial Age
35:10 Chain Barding Armor
36:57 Cavalier
38:01 Conscription
38:27 Plate Mail Armor
39:10 Heavy Plow
40:24 Blast Furnace
40:59 Light Cavalry
41:50 Bloodlines
42:42 Winged Hussar
49:05 Elite Obuch
49:43 Capped Ram
55:40 Padded Archer Armor
55:31 Fletching
58:30 Leather Archer Armor
58:11 Bodkin Arrow
58:17 Elite Skirmisher
60:45 Chemistry
59:56 Fortified Wall
willem.goossenss
19:17 Feudal Age
19:41 Fishing Lines
CalaveraDelCid
3:37 Loom
14:05 Feudal Age
14:37 Double-Bit Axe
19:20 Castle Age
20:11 Horse Collar
21:02 Town Watch
22:36 Bow Saw
23:07 Wheelbarrow
23:09 Medium Warships
24:56 Fletching
25:07 Padded Archer Armor
25:45 Ballistics
26:00 Heavy Plow
28:25 Hand Cart
28:10 Bodkin Arrow
28:31 Leather Archer Armor
39:47 Imperial Age
40:29 Bracer
40:59 Ring Archer Armor
46:44 Elite Genoese Crossbowman
51:46 Gold Mining
55:11 Forging
55:01 Scale Mail Armor
55:32 Ring Archer Armor
55:54 Crop Rotation
54:57 Pikeman
55:38 Squires
56:17 Arson
58:19 Iron Casting
57:59 Chain Mail Armor
29
4:54 Loom
5:07 Loom
16:28 Feudal Age
20:13 Castle Age
18:14 Double-Bit Axe
18:54 Horse Collar
20:49 Gold Mining
22:27 Bloodlines
22:18 Husbandry
25:30 Wheelbarrow
24:41 Town Watch
25:40 Scale Barding Armor
30:10 Gold Shaft Mining
29:25 Stone Mining
32:07 Imperial Age
30:11 Hand Cart
30:48 Heavy Plow
31:08 Bow Saw
32:01 Town Patrol
43:54 Chemistry
42:27 Heavy Scorpion
51:42 Conscription
55:44 Squires
57:39 Siege Engineers
57:04 Pikeman
58:42 Crop Rotation
60:13 Capped Ram
62:42 Siege Ram
65:10 Spies/Treason
涂山红红
13:50 Loom
16:26 Feudal Age
18:32 Double-Bit Axe
24:25 Castle Age
26:11 Bloodlines
26:01 Husbandry
26:55 Scale Barding Armor
27:31 Forging
27:14 Horse Collar
28:24 Chain Barding Armor
32:38 Wheelbarrow
33:34 Bow Saw
35:00 Hand Cart
35:00 Heavy Plow
39:16 Gold Mining
39:18 Stone Mining
42:06 Imperial Age
41:28 Gold Shaft Mining
42:06 Iron Casting
42:38 Marauders
43:34 Plate Barding Armor
42:22 Elite Tarkan
43:23 Conscription
44:20 Chemistry
43:41 Ballistics
44:44 Two-Man Saw
44:50 Blast Furnace
47:04 Padded Archer Armor
46:54 Fletching
47:08 Padded Archer Armor
47:48 Bodkin Arrow
48:55 Parthian Tactics
48:38 Thumb Ring
49:02 Leather Archer Armor
48:16 Heavy Cavalry Archer
49:50 Bracer
62:27 Cavalier
63:31 Paladin
有缘再见
11:23 Loom
16:28 Feudal Age
17:17 Double-Bit Axe
22:24 Castle Age
20:09 Horse Collar
20:30 Gold Mining
23:44 Bow Saw
23:37 Heavy Plow
24:20 Gold Shaft Mining
25:02 Wheelbarrow
26:45 Hand Cart
26:57 Stone Mining
29:52 Bloodlines
31:51 Silk Armor
32:05 Husbandry
32:32 Scale Barding Armor
32:38 Forging
34:16 Chain Barding Armor
35:11 Iron Casting
38:19 Fletching
40:31 Demolition Ship
46:01 Imperial Age
48:33 Imperial Age
50:20 Blast Furnace
49:55 Plate Barding Armor
49:54 Crop Rotation
49:30 Elite Keshik
50:31 Conscription
51:23 Timurid Siegecraft
56:41 Bodkin Arrow
67:57 Caravan
68:08 Guilds
68:29 Coinage
we1dede
7:43 Loom
16:36 Feudal Age
20:43 Castle Age
18:42 Double-Bit Axe
18:50 Horse Collar
19:26 Stone Mining
20:01 Gold Mining
20:21 Padded Archer Armor
22:41 Bow Saw
23:09 Wheelbarrow
24:01 Husbandry
24:59 Bloodlines
27:32 Leather Archer Armor
27:21 Heavy Plow
27:49 Town Watch
28:19 Hand Cart
28:57 Hand Cart
29:31 Fletching
35:43 Imperial Age
33:32 Bodkin Arrow
36:20 Stone Shaft Mining
36:00 Forging
35:55 Scale Barding Armor
36:48 Conscription
39:08 Ring Archer Armor
38:40 Bracer
41:21 Elite Conquistador
44:22 Hoardings
43:25 Pikeman
44:06 Squires
43:54 Arson
44:14 Scale Mail Armor
44:49 Iron Casting
45:10 Murder Holes
46:16 Chemistry
45:37 Ballistics
45:27 Masonry
46:19 Chain Mail Armor
45:31 Halberdier
47:14 Blast Furnace
52:45 Architecture
54:09 Supremacy
53:21 Sappers
60:12 Two-Man Saw
Connection lost

Rejoining the realm…

Still unreachable

The connection could not be restored.

Session expired

The server has moved on; the page needs a fresh start.